 Dungeon Sprint DCSS version 0.29-a0-923-g6e406bff71 (webtiles) character file.

Game seed: 5920909158830867678

96 rocky1 the Blocker (level 4, 0/35 HPs)
             Began as a Formicid Fighter on July 28, 2022.
             Slain by an iguana (12 damage)
             ... in the Dungeon (Sprint IX: "|||||||||||||||||||||||||||||").
             The game lasted 00:00:44 (231 turns).

rocky1 the Blocker (Formicid Fighter)                Turns: 231, Time: 00:00:45

Health: 0/35       AC:  6    Str: 23    XL:     4   Next: 98%
Magic:  4/4        EV:  9    Int:  7    God:
Gold:   0          SH:  6    Dex: 13    Spells: 3/3 levels left

rFire   . . .      SeeInvis +   a - +0 flail
rCold   . . .      Faith    .   c - +0 buckler
rNeg    . . .      Spirit   .   b - +0 scale mail
rPois   .          Reflect  .   (helmet unavailable)
rElec   .          Harm     .   (no cloak)
rCorr   .          Rampage  .   (no gloves)
Will    .....                   (no boots)
Stlth   ..........              (no amulet)
HPRegen 0.11/turn               (no ring)
MPRegen 0.09/turn               (no ring)

@: mighty
A: permanent stasis, dig shafts and tunnels, antennae 3, four strong arms
a: Dig


You were in the Dungeon.
You visited 1 branch

Inventory:

Hand Weapons
 a - a +0 flail (weapon)
Armour
 b - a +0 scale mail (worn)
 c - a +0 buckler (worn)
Potions
 g - 2 potions of magic


   Skills:
 - Level 3.2 Fighting
 + Level 6.5 Maces & Flails
 - Level 3.2 Armour
 + Level 9.1 Shields


You had 3 spell levels left.
You didn't know any spells.
Your spell library was empty.

Dungeon Overview and Level Annotations

Branches:
Dungeon (1/1)

Altars:


Innate Abilities, Weirdness & Mutations

You cannot be hasted, slowed, berserked, paralysed or teleported.
You can dig through walls and to a lower floor.
You have a pair of large antennae on your head. (SInv)
Your four strong arms can wield two-handed weapons with a shield.


Message History

The gnoll bouda hits you with a +0 whip.
You thump the gnoll bouda!
You kill the gnoll bouda!
Your Maces & Flails skill increases to level 4!
Your Shields skill gained 2 levels and is now at level 7!
You have reached level 3!
Your experience leads to an increase in your attributes!
Increase (S)trength, (I)ntelligence, or (D)exterity?
You feel stronger. x2
Unknown command.
You closely miss the scorpion. The scorpion stings you.
* * * LOW HITPOINT WARNING * * *
The scorpion barely misses you.
You sock the scorpion!
The scorpion is severely wounded.
The howler monkey hoots and howls with incredible vigour!
The scorpion stings you but does no damage.
You hit the scorpion.
The scorpion is severely wounded.
The scorpion stings you.
* * * LOW HITPOINT WARNING * * *
The scorpion stings you.
* * * LOW HITPOINT WARNING * * *
You sock the scorpion!
You kill the scorpion!
Your Maces & Flails skill gained 2 levels and is now at level 6!
Your Shields skill gained 2 levels and is now at level 9!
You have reached level 4!
You feel stronger.
You feel better. You block the orc's attack.
Unknown command.
You bludgeon the orc!!
You kill the orc!
You barely miss the iguana. You block the iguana's attack.
You barely miss the iguana. The iguana closely misses you.
The iguana bites you but does no damage.
You sock the iguana!
The iguana is almost dead.
The iguana bites you!
You die...

▓.▓
▓.▓
▓.▓
▓)▓
▓)▓
▓.▓
▓.▓
▓.▓
▓@▓
▓l▓
▓h▓
▓.▓
▓.▓
▓.▓
▓.▓
▓+▓


You could see a howler monkey and an iguana.

Vanquished Creatures
  A scorpion (D)
  A gnoll bouda (D)
  An orc (D)
  An endoplasm (D)
  A jackal (D)
  2 kobolds (D)
  A ball python (D)
8 creatures vanquished.

Notes
Turn   | Place    | Note
-------+----------+-------------------------------------------
     0 | D        | rocky1 the Formicid Fighter began the quest for the Orb.
     0 | D        | Reached XP level 1. HP: 18/18 MP: 1/1
    20 | D        | Reached skill level 5 in Shields
    21 | D        | Reached XP level 2. HP: 16/24 MP: 2/2
   215 | D        | Noticed a scorpion
   215 | D        | Noticed a howler monkey
   219 | D        | HP: 1/24 [gnoll bouda/+0 whip (7)]
   223 | D        | Reached skill level 7 in Shields
   223 | D        | Reached XP level 3. HP: 10/29 MP: 3/3
   225 | D        | HP: 1/29 [scorpion (6)]
   226 | D        | Killed a scorpion
   227 | D        | Reached skill level 9 in Shields
   227 | D        | Reached XP level 4. HP: 1/35 MP: 4/4
   231 | D        | Slain by an iguana

Illustrated notes

Levels and vault maps discovered:
D:        linesprint [early_d, line_temple, items_1, d_10, items_2, lair_1,
          lair_end, items_3, orc_1, orc_end, items_4, d_15, swamp_1, shoals_1,
          snake_1, spider_1, d_20, vaults_1, items_5, swamp_end, shoals_end,
          snake_end, spider_end, vaults_end, d_27, items_6, zot_1, zot_end,
          crypt_end, forest_end, elf_end, slime_end, tomb_end, abyss_end,
          pan_hell_end]

Skill      XL: |  1  2  3 |
---------------+----------+-----
Maces & Flails | 3 4 6 |  6.5
Shields        | 5 7 9 |  9.1
Fighting       | |  3.2
Armour         | |  3.2

Action                   |  1- 3 |  4- 6 || total
-------------------------+-------+-------++-------
Melee: Flail             |    25 |     4 ||    29
  Use: Potion            |     2 |     1 ||     3
Armor: Scale mail        |     9 |     1 ||    10
Dodge: Dodged            |     8 |     1 ||     9
Block: Buckler           |     7 |     2 ||     9

Table legend: (Time is in decaauts)
 A = Elapsed time spent in this place.
 B = Non-inter-level travel time spent in this place.
 C = Inter-level travel time spent in this place.
 D = Time resting spent in this place.
 E = Time spent auto-exploring this place.
 F = Levels seen in this place.
 G = Mean time per level.
                   A        B        C        D        E       F      G
               +--------+--------+--------+--------+--------+-----+--------+
         Total |    238 |    238 |      0 |    189 |      0 |   1 |  238.0 |
       Dungeon |    238 |    238 |      0 |    189 |      0 |   1 |  238.0 |
               +--------+--------+--------+--------+--------+-----+--------+

Top non-repeatable levels by time:
       D: 238 daAuts
